 Dungeon Crawl Stone Soup version 0.19.0-24-gb05acd6 (webtiles) character file.

20 Melicamp the Sneak (level 2, 0/11 HPs)
             Began as a Felid Enchanter on Nov 22, 2016.
             Slain by a bat (1 damage)
             ... on level 1 of the Dungeon.
             The game lasted 00:05:19 (839 turns).

Melicamp the Sneak (Felid Enchanter)                 Turns: 839, Time: 00:05:20

Health: 0/11       AC:  1    Str:  4    XL:     2   Next: 58%
Magic:  0/6        EV: 18    Int: 16    God:
Gold:   26         SH:  0    Dex: 16    Spells: 2 memorised, 2 levels left
                                        Lives:  0   Deaths: 0

rFire  . . .     SeeInvis +       - Unarmed
rCold  . . .     Gourm    .     (armour unavailable)
rNeg   . . .     Faith    .     (shield unavailable)
rPois  .         Spirit   .     (helmet unavailable)
rElec  .         Reflect  .     (cloak unavailable)
rCorr  .         Harm     .     (gloves unavailable)
MR     .....                    (boots unavailable)
Stlth  +++.......               (no amulet)
                                (no ring)
                                (no ring)

@: very slightly contaminated, quick
A: no armour, no weapons or thrown items, stealth, claws 1, fangs 3, see
invisible, carnivore 3, speed 1, shaggy fur 1, slow metabolism 1, sharp paws
a: no special abilities


You were on level 1 of the Dungeon.
You were completely stuffed.

You visited 1 branch of the dungeon, and saw 1 of its levels.

You collected 26 gold pieces.

Inventory:

Jewellery
 c - an uncursed ring of protection from cold {unknown}
Books
 a - a book of Maledictions

   Spells                             Type                      Level
   a - Corona                         Hexes                        1
   b - Ensorcelled Hibernation        Hexes/Ice                    2
   c - Confuse                        Hexes                        3
   d - Tukima's Dance                 Hexes                        3
   e - Dazzling Spray                 Conjuration/Hexes            3
Comestibles
 b - a meat ration
 d - 5 chunks of flesh
 f - a royal jelly
 g - a beef jerky


   Skills:
 - Level 2.6 Dodging
 + Level 4.8 Stealth
 + Level 2.0 Unarmed Combat
 - Level 2.0 Spellcasting
 - Level 4.4 Hexes


You had 2 spell levels left.
You knew the following spells:

 Your Spells              Type           Power        Failure   Level  Hunger
a - Corona                Hex            ###....      4%          1    #......
b - Ensorcelled Hibernat  Hex/Ice        #.....       14%         2    ###....


Dungeon Overview and Level Annotations

Branches:
Dungeon (1/15)

Altars:

Annotations:
D:1 exclusions: hobgoblin and 1 more exclusion


Innate Abilities, Weirdness & Mutations

You cannot wear armour.
You are incapable of wielding weapons or throwing items.
Your paws allow you to move quietly. (Stealth)
You have sharp claws.
You have razor-sharp teeth.
You have supernaturally acute eyesight. (SInv)
You are carnivorous and can eat meat at any time.
You cover ground quickly.
You are covered in fur. (AC +1)
You have a slow metabolism.
Your sharp claws are effective at attacking unaware monsters.


Message History

The bat resists with significant effort.
The bat misses you. x2
Casting: Ensorcelled Hibernation
Confirm with . or Enter, or press ? or * to list all spells.
Aiming: Ensorcelled Hibernation
Press: ? - help, Shift-Dir - straight line, f/p - bat
Aim: a bat (chance to defeat MR: 57%)
The bat resists with significant effort.
The bat barely misses you. x2
Casting: Ensorcelled Hibernation
Confirm with . or Enter, or press ? or * to list all spells.
You don't have enough magic to cast that spell.
Unknown command.
You scratch the bat but do no damage. You bite the bat, but do no damage.
The bat closely misses you. x2
You miss the bat. The bat completely misses you. The bat misses you.
You barely miss the bat. You bite the bat.
The bat is moderately wounded.
The bat misses you. The bat hits you.
You die...

#.###.#####.#...##
#.........#......#
#####.###.#.#...#######.
#.# #............... #.#
###รท#...######## #.#
#.##h## #.#####.##h#
#.......##b#
##########@# #........#
#.#####..#######
###....(....#
#.......###.#
#.#...#.###.####.##
##.#................
.........###.####.#.
...#....####.#


You could see 2 jackals and a bat.

Vanquished Creatures
  2 dart slugs (D:1)
  3 goblins (D:1)
  A hobgoblin (D:1)
  2 jackals (D:1)
  3 bats (D:1)
  A kobold (D:1)
  4 rats (D:1)
16 creatures vanquished.

Notes
Turn   | Place    | Note
-------+----------+-------------------------------------------
     0 | D:1      | Melicamp the Felid Enchanter began the quest for the Orb.
     0 | D:1      | Reached XP level 1. HP: 7/7 MP: 4/4
   644 | D:1      | Reached XP level 2. HP: 11/11 MP: 6/6
   793 | D:1      | Learned a level 2 spell: Ensorcelled Hibernation
   839 | D:1      | Slain by a bat

Skill      XL: |  1  2 |
---------------+-------+-----
Unarmed Combat | 2 |  2.0
Dodging        | |  2.6
Stealth        | |  4.8
Spellcasting   | |  2.0
Hexes          | |  4.4

Action                   || total
-------------------------++-------
Melee: Unarmed           ||    53
       Bite              ||     4
       Punch             ||     1
 Cast: Ensorcelled Hiber ||     2
 Stab: Sleeping          ||     7
  Eat: Chunk             ||     7
Armor: Skin              ||     5
Dodge: Dodged            ||    45
